TOP OF THE 1ST |
Athletic Club KC U-24 batting - Pitching for Idaho Falls Chukars : RHP Carlos Sandoval
|
Pitching: RHP Carlos Sandoval
|
|
Batting: SHB Ernesto Hernández
|
0-0: Fly out, F8 (Flyball, 8RM, EV 76.2 MPH)
|
Batting: RHB Jesús Dealejandro
|
0-0: Swinging Strike 0-1: DOUBLE (Flyball, 89XD, EV 101.2 MPH)
|
Batting: RHB George Keller
|
0-0: Fly out, F4 (Popup, 34S, EV 79.4 MPH)
|
Batting: RHB Mike Edwards
|
0-0: Foul Ball, location: 2F 0-1: SINGLE (Groundball, 6D, EV 101.2 MPH) Jesús Dealejandro to third Runner from 3rd tries for Home, SAFE, throw by CF to home
|
Batting: LHB Robert Norton
|
0-0: Ball 1-0: Ball 2-0: Called Strike 2-1: Called Strike 2-2: Ball 3-2: Strikes out looking
|
Top of the 1st over - 1 run, 2 hits, 0 errors, 1 left on base; Athletic Club KC 1 - Idaho Falls 0 |
BOTTOM OF THE 1ST |
Idaho Falls Chukars batting - Pitching for Athletic Club KC U-24 : LHP Hai-liang Shuang
|
Pitching: LHP Hai-liang Shuang
|
|
Batting: RHB Hugo Mahé
|
0-0: Ball 1-0: Swinging Strike 1-1: Foul Ball, location: 2F 1-2: Ball 2-2: Foul Ball, location: 2F 2-2: Ball 3-2: Strikes out swinging
|
Batting: RHB Doug Randall
|
0-0: Called Strike 0-1: Ball 1-1: SINGLE (Line Drive, 7LS, EV 90.6 MPH)
|
Batting: RHB Iván Monterrey
|
0-0: Called Strike 0-1: Ball 1-1: Fly out, F8 (Flyball, 8RD, EV 83.8 MPH)
|
Batting: RHB Marcus Pattinson
|
0-0: Ball 1-0: Swinging Strike 1-1: Swinging Strike 1-2: Foul Ball, location: 2F Balk! Doug Randall to second 1-2: Ball 2-2: Foul Ball, location: 2F 2-2: Ground out 6-3 (Groundball, 6, EV 110.6 MPH)
|
Bottom of the 1st over - 0 runs, 1 hit, 0 errors, 1 left on base; Athletic Club KC 1 - Idaho Falls 0 |
TOP OF THE 2ND |
Athletic Club KC U-24 batting - Pitching for Idaho Falls Chukars : RHP Carlos Sandoval
|
Batting: RHB Juan Hernández
|
0-0: Ball 1-0: Foul Ball, location: 2F 1-1: Ball 2-1: Foul Ball, location: 2F 2-2: Strikes out swinging
|
Batting: RHB Steve MacRury
|
0-0: Ball 1-0: Ball 2-0: Foul Ball, location: 2F 2-1: Foul Ball, location: 2F 2-2: Strikes out swinging
|
Batting: LHB Dustin Tillman
|
0-0: Foul Ball, location: 2F 0-1: Foul Ball, location: 2F 0-2: Ball 1-2: Ball 2-2: Ball 3-2: Strikes out swinging
|
Top of the 2nd over - 0 runs, 0 hits, 0 errors, 0 left on base; Athletic Club KC 1 - Idaho Falls 0 |
BOTTOM OF THE 2ND |
Idaho Falls Chukars batting - Pitching for Athletic Club KC U-24 : LHP Hai-liang Shuang
|
Batting: RHB Oliver Maisanaba
|
0-0: Called Strike 0-1: Swinging Strike 0-2: Ball 1-2: Strikes out swinging
|
Batting: RHB Matt Jenkins
|
0-0: Ball 1-0: Called Strike 1-1: Foul Ball, location: 2F 1-2: Ball 2-2: Strikes out swinging
|
Batting: RHB Radomir Studer
|
0-0: Called Strike 0-1: Ground out 5-3 (Groundball, 56, EV 89.4 MPH)
|
Bottom of the 2nd over - 0 runs, 0 hits, 0 errors, 0 left on base; Athletic Club KC 1 - Idaho Falls 0 |
TOP OF THE 3RD |
Athletic Club KC U-24 batting - Pitching for Idaho Falls Chukars : RHP Carlos Sandoval
|
Batting: LHB Scott Powell
|
0-0: Foul Ball, location: 2F 0-1: Ball 1-1: Swinging Strike 1-2: Ball 2-2: Ball 3-2: Strikes out swinging
|
Batting: SHB Ernesto Hernández
|
0-0: DOUBLE (Flyball, 8RXD, EV 93.8 MPH)
|
Batting: RHB Jesús Dealejandro
|
0-0: Fly out, F8 (Flyball, 8RD, EV 103.1 MPH)
|
Batting: RHB George Keller
|
0-0: Called Strike 0-1: Called Strike 0-2: Strikes out swinging
|
Top of the 3rd over - 0 runs, 1 hit, 0 errors, 1 left on base; Athletic Club KC 1 - Idaho Falls 0 |
BOTTOM OF THE 3RD |
Idaho Falls Chukars batting - Pitching for Athletic Club KC U-24 : LHP Hai-liang Shuang
|
Batting: RHB Christian Paoli
|
0-0: DOUBLE (Line Drive, 89M, EV 101.2 MPH)
|
Batting: LHB Pedro García
|
0-0: Foul Ball, location: 2F 0-1: Swinging Strike 0-2: Ball 1-2: Strikes out swinging
|
Batting: RHB Hugo Mahé
|
0-0: Ball 1-0: Ground out 5-3 (Groundball, 56, EV 85.6 MPH)
|
Batting: RHB Doug Randall
|
0-0: Called Strike 0-1: Ball 1-1: Foul Ball, location: 2F 1-2: SINGLE (Groundball, 6S, EV 66.2 MPH) (infield hit) Christian Paoli to third
|
Batting: RHB Iván Monterrey
|
0-0: Ball 1-0: Ball 2-0: Swinging Strike 2-1: Ball 3-1: Base on Balls Doug Randall to second
|
Batting: RHB Marcus Pattinson
|
0-0: Ball 1-0: Called Strike 1-1: Ball 2-1: Foul Ball, location: 2F 2-2: Foul Ball, location: 2F 2-2: Strikes out swinging
|
Bottom of the 3rd over - 0 runs, 2 hits, 0 errors, 3 left on base; Athletic Club KC 1 - Idaho Falls 0 |
TOP OF THE 4TH |
Athletic Club KC U-24 batting - Pitching for Idaho Falls Chukars : RHP Carlos Sandoval
|
Batting: RHB Mike Edwards
|
0-0: Foul Ball, location: 2F 0-1: Ball 1-1: Foul Ball, location: 2F 1-2: Fly out, F5 (Line Drive, 5, EV 66.9 MPH)
|
Batting: LHB Robert Norton
|
0-0: Foul Ball, location: 2F 0-1: Swinging Strike 0-2: Ball 1-2: Ball 2-2: Ball 3-2: Strikes out swinging
|
Batting: RHB Juan Hernández
|
0-0: Ball 1-0: Ball 2-0: Called Strike 2-1: Called Strike 2-2: Strikes out swinging
|
Top of the 4th over - 0 runs, 0 hits, 0 errors, 0 left on base; Athletic Club KC 1 - Idaho Falls 0 |
BOTTOM OF THE 4TH |
Idaho Falls Chukars batting - Pitching for Athletic Club KC U-24 : LHP Hai-liang Shuang
|
Batting: RHB Oliver Maisanaba
|
0-0: Swinging Strike 0-1: Ground out 5-3 (Groundball, 56S, EV 81.2 MPH)
|
Batting: RHB Matt Jenkins
|
0-0: Ball 1-0: Ball 2-0: Ground out 6-3 (Groundball, 6, EV 96.9 MPH)
|
Batting: RHB Radomir Studer
|
0-0: Ball 1-0: Called Strike 1-1: DOUBLE (Groundball, 3L, EV 106.9 MPH)
|
Batting: RHB Christian Paoli
|
0-0: SINGLE (Groundball, 6MD, EV 103.8 MPH) Radomir Studer to third Runner from 3rd tries for Home, SAFE, throw by CF to home
|
Batting: LHB Pedro García
|
0-0: Ball 1-0: Foul Ball, location: 2F 1-1: Called Strike 1-2: Strikes out looking
|
Bottom of the 4th over - 1 run, 2 hits, 0 errors, 1 left on base; Athletic Club KC 1 - Idaho Falls 1 |
TOP OF THE 5TH |
Athletic Club KC U-24 batting - Pitching for Idaho Falls Chukars : RHP Carlos Sandoval
|
Batting: RHB Steve MacRury
|
0-0: Ball 1-0: Ball 2-0: Called Strike 2-1: Ball 3-1: Base on Balls
|
Batting: LHB Dustin Tillman
|
Pickoff Throw to First - Error! E1 Steve MacRury to second 0-0: Called Strike 0-1: Ball 1-1: Ground out 1-3 (Groundball, 34S, EV 67.5 MPH) Steve MacRury to third
|
Batting: LHB Scott Powell
|
0-0: Swinging Strike 0-1: SINGLE (Line Drive, 6D, EV 105.0 MPH) Steve MacRury scores
|
Batting: SHB Ernesto Hernández
|
0-0: Fly out, F8 (Line Drive, 8RD, EV 90.0 MPH)
|
Batting: RHB Jesús Dealejandro
|
0-0: Called Strike 0-1: Swinging Strike 0-2: Ball 1-2: Ball 2-2: Strikes out swinging
|
Top of the 5th over - 1 run, 1 hit, 1 error, 1 left on base; Athletic Club KC 2 - Idaho Falls 1 |
BOTTOM OF THE 5TH |
Idaho Falls Chukars batting - Pitching for Athletic Club KC U-24 : LHP Hai-liang Shuang
|
Batting: RHB Hugo Mahé
|
0-0: Ball 1-0: Fly out, F8 (Flyball, 8LM, EV 90.6 MPH)
|
Batting: RHB Doug Randall
|
0-0: SINGLE (Line Drive, 9S, EV 109.4 MPH)
|
Batting: RHB Iván Monterrey
|
0-0: Ball 1-0: Called Strike 1-1: Ball 2-1: Ball 3-1: Fly out, F9 (Line Drive, 9D, EV 93.8 MPH)
|
Batting: RHB Marcus Pattinson
|
0-0: Ball 1-0: Called Strike 1-1: Ball 2-1: Ball 3-1: Called Strike 3-2: Base on Balls Doug Randall to second
|
Batting: RHB Oliver Maisanaba
|
0-0: Ball 1-0: SINGLE (Groundball, 34D, EV 106.2 MPH) Doug Randall to third Marcus Pattinson to second Runner from 3rd tries for Home, SAFE, throw by RF to home
|
Batting: RHB Matt Jenkins
|
0-0: Ball 1-0: DOUBLE (Line Drive, 89M, EV 106.2 MPH) Marcus Pattinson scores Oliver Maisanaba to third
|
Batting: RHB Radomir Studer
|
0-0: Called Strike 0-1: Fly out, F8 (Flyball, 8LD, EV 103.1 MPH)
|
Bottom of the 5th over - 2 runs, 3 hits, 0 errors, 2 left on base; Athletic Club KC 2 - Idaho Falls 3 |
TOP OF THE 6TH |
Athletic Club KC U-24 batting - Pitching for Idaho Falls Chukars : RHP Carlos Sandoval
|
Batting: RHB George Keller
|
0-0: Foul Ball, location: 2F 0-1: Ball 1-1: Ball 2-1: Foul Ball, location: 2F 2-2: Foul Ball, location: 2F 2-2: Ball 3-2: Base on Balls
|
Batting: RHB Mike Edwards
|
0-0: Called Strike 0-1: Ball 1-1: Ball 2-1: Fielders Choice at 2nd, 6-4 (Groundball, 6, EV 107.5 MPH)
|
Batting: LHB Robert Norton
|
0-0: Called Strike 0-1: Fly out, F2 (Popup, 2RF, EV 91.9 MPH)
|
Batting: RHB Juan Hernández
|
0-0: Ball 1-0: Fly out, F8 (Flyball, 78M, EV 91.2 MPH)
|
Top of the 6th over - 0 runs, 0 hits, 0 errors, 1 left on base; Athletic Club KC 2 - Idaho Falls 3 |
BOTTOM OF THE 6TH |
Idaho Falls Chukars batting - Pitching for Athletic Club KC U-24 : LHP Hai-liang Shuang
|
Batting: RHB Christian Paoli
|
0-0: Foul Ball, location: 2F 0-1: Foul Ball, location: 2F 0-2: Ball 1-2: Strikes out looking
|
Batting: LHB Pedro García
|
0-0: Called Strike 0-1: Ball 1-1: Ball 2-1: Ground out 6-3 (Groundball, 6M, EV 105.6 MPH)
|
Batting: RHB Hugo Mahé
|
0-0: Called Strike 0-1: Ball 1-1: Ground out 5-3 (Groundball, 56, EV 83.8 MPH)
|
Bottom of the 6th over - 0 runs, 0 hits, 0 errors, 0 left on base; Athletic Club KC 2 - Idaho Falls 3 |
TOP OF THE 7TH |
Athletic Club KC U-24 batting - Pitching for Idaho Falls Chukars : RHP Carlos Sandoval
|
Batting: RHB Steve MacRury
|
0-0: Fly out, F6 (Popup, 6MS, EV 71.2 MPH)
|
Batting: LHB Dustin Tillman
|
0-0: Ground out 6-3 (Groundball, 6, EV 81.2 MPH)
|
Batting: LHB Scott Powell
|
0-0: Ball 1-0: Ball 2-0: Called Strike 2-1: Ball 3-1: Foul Ball, location: 2F 3-2: Base on Balls
|
Batting: SHB Ernesto Hernández
|
0-0: Called Strike 0-1: Ball 1-1: Ground out 1-3 (Groundball, 34S, EV 75.6 MPH)
|
Top of the 7th over - 0 runs, 0 hits, 0 errors, 1 left on base; Athletic Club KC 2 - Idaho Falls 3 |
BOTTOM OF THE 7TH |
Idaho Falls Chukars batting - Pitching for Athletic Club KC U-24 : LHP Hai-liang Shuang
|
Batting: RHB Doug Randall
|
0-0: SINGLE (Groundball, 23, EV 67.5 MPH) (infield hit)
|
Batting: RHB Iván Monterrey
|
0-0: Ball 1-0: Foul Ball, location: 2F 1-1: Called Strike 1-2: Ball 2-2: Foul Ball, location: 2F 2-2: Foul Ball, location: 2F 2-2: Foul Ball, location: 2F 2-2: Grounds into double play, 4-6-3 (Groundball, 4, EV 80.6 MPH)
|
Batting: RHB Marcus Pattinson
|
0-0: Called Strike 0-1: Foul Ball, location: 2F 0-2: Ball 1-2: Foul Ball, location: 2F 1-2: SINGLE (Groundball, 6MD, EV 97.5 MPH)
|
Pitching: RHP Rick Drake
|
|
Batting: RHB Oliver Maisanaba
|
0-0: Ball Marcus Pattinson steals 2nd base 1-0: Foul Ball, location: 2F 1-1: Called Strike 1-2: Fly out, F3 (Popup, 3SF, EV 80.6 MPH)
|
Bottom of the 7th over - 0 runs, 2 hits, 0 errors, 1 left on base; Athletic Club KC 2 - Idaho Falls 3 |
TOP OF THE 8TH |
Athletic Club KC U-24 batting - Pitching for Idaho Falls Chukars : RHP Carlos Sandoval
|
Batting: LHB Bill Jackson
|
0-0: Fly out, F8 (Flyball, 89D, EV 110.0 MPH)
|
Pinch Hitting: LHB Tom Adams
|
0-0: Ball 1-0: SINGLE (Flyball, 89S, EV 88.1 MPH)
|
Pinch Hitting: LHB Jorge Farías
|
0-0: Ball 1-0: Ball 2-0: Called Strike 2-1: Ball 3-1: Base on Balls Tom Adams to second
|
Pinch Runner at 2nd Edison Washington:
|
|
Batting: LHB Robert Norton
|
0-0: Ball 1-0: Fly out, F5 (Flyball, 5D, EV 83.8 MPH)
|
Pitching: RHP Jorge Zapata
|
|
Batting: RHB Juan Hernández
|
0-0: Called Strike 0-1: Ball 1-1: Ball 2-1: Foul Ball, location: 2F 2-2: Ball 3-2: Base on Balls Edison Washington to third Jorge Farías to second
|
Batting: RHB Steve MacRury
|
0-0: Called Strike 0-1: Ball 1-1: Ball 2-1: Foul Ball, location: 2F 2-2: Ball 3-2: Foul Ball, location: 2F 3-2: Base on Balls Edison Washington scores Jorge Farías to third Juan Hernández to second
|
Batting: LHB Dustin Tillman
|
0-0: Foul Ball, location: 2F 0-1: Ball 1-1: Ball 2-1: SINGLE (Groundball, 34D, EV 103.1 MPH) Jorge Farías scores Juan Hernández to third Steve MacRury to second
|
Batting: LHB Scott Powell
|
0-0: Called Strike 0-1: Foul Ball, location: 2F 0-2: Fly out, F3 (Flyball, 34D, EV 86.9 MPH)
|
Top of the 8th over - 2 runs, 2 hits, 0 errors, 3 left on base; Athletic Club KC 4 - Idaho Falls 3 |
BOTTOM OF THE 8TH |
Idaho Falls Chukars batting - Pitching for Athletic Club KC U-24 : RHP Rick Drake
|
Now at 1B: Kent Galloway
|
|
Now in CF: Jorge Farías
|
|
Batting: RHB Matt Jenkins
|
0-0: Ball 1-0: Foul Ball, location: 2F 1-1: Ball 2-1: Swinging Strike 2-2: Foul Ball, location: 2F 2-2: Fly out, F9 (Flyball, 9S, EV 90.0 MPH)
|
Batting: RHB Radomir Studer
|
0-0: Called Strike 0-1: Ball 1-1: Called Strike 1-2: Ball 2-2: Strikes out swinging
|
Batting: RHB Christian Paoli
|
0-0: Swinging Strike 0-1: Swinging Strike 0-2: Ball 1-2: Foul Ball, location: 2F 1-2: Strikes out swinging
|
Bottom of the 8th over - 0 runs, 0 hits, 0 errors, 0 left on base; Athletic Club KC 4 - Idaho Falls 3 |
TOP OF THE 9TH |
Athletic Club KC U-24 batting - Pitching for Idaho Falls Chukars : RHP Jorge Zapata
|
Batting: SHB Ernesto Hernández
|
0-0: Called Strike 0-1: Foul Ball, location: 2F 0-2: Foul Ball, location: 2F 0-2: Strikes out swinging
|
Batting: LHB Bill Jackson
|
0-0: Foul Ball, location: 2F 0-1: Ball 1-1: Foul Ball, location: 2F 1-2: Ground out U3 (Groundball, 3S, EV 62.5 MPH)
|
Batting: RHB Kent Galloway
|
0-0: Called Strike 0-1: Ball 1-1: Fly out, F4 (Popup, 4MD, EV 73.8 MPH)
|
Top of the 9th over - 0 runs, 0 hits, 0 errors, 0 left on base; Athletic Club KC 4 - Idaho Falls 3 |
BOTTOM OF THE 9TH |
Idaho Falls Chukars batting - Pitching for Athletic Club KC U-24 : RHP Rick Drake
|
Batting: LHB Pedro García
|
0-0: Foul Ball, location: 2F 0-1: Ball 1-1: Called Strike 1-2: Foul Ball, location: 2F 1-2: Strikes out swinging
|
Pinch Hitting: SHB Yoshihide Arai
|
0-0: Swinging Strike 0-1: Ball 1-1: Foul Ball, location: 2F 1-2: Strikes out swinging
|
Batting: RHB Doug Randall
|
0-0: Swinging Strike 0-1: SINGLE (Groundball, 56S, EV 63.1 MPH) (infield hit)
|
Batting: RHB Iván Monterrey
|
0-0: Called Strike 0-1: Ball 1-1: Swinging Strike 1-2: Ball 2-2: Strikes out looking
|
Bottom of the 9th over - 0 runs, 1 hit, 0 errors, 1 left on base; Athletic Club KC 4 - Idaho Falls 3 |
|